 Dungeon Crawl Stone Soup version 0.32-a0-589-g2d1f746d5d (webtiles) character file.

Game seed: 5311767555119520946

54244 Angani the Carver (level 14, -2/110 HPs)
             Began as a Coglin Artificer on Mar 3, 2024.
             Was the Champion of Wu Jian.
             Slain by a death yak (18 damage)
             ... on level 4 of the Lair of Beasts.
             The game lasted 00:35:00 (15428 turns).

Angani the Carver (Coglin Artificer)               Turns: 15428, Time: 00:35:01

Health: -2/110     AC: 11    Str: 14    XL:     14   Next: 72%
Magic:  14/14      EV: 17    Int: 11    God:    Wu Jian [******]
Gold:   566        SH:  0    Dex: 18    Spells: 13/13 levels left

rFire   + . .        D - +3 scimitar (flame) {Qiang}
rCold   + . .        o - +2 long sword (holy) {Natsumi}
rNeg    . . .        i - +3 troll leather armour
rPois   +            y - +2 hat
rElec   .            t - scarf {rC+ rF+}
rCorr   +            m - +1 pair of gloves
SInv    .            (no boots)
Will    +....        (amulet unavailable)
Stlth   ++++         (ring unavailable)
HPRegen 1.18/turn    (ring unavailable)
MPRegen 0.14/turn    H - tuning module {AutoDazzle, rPois rCorr Slay+3}

%: no passive effects
@: revved
A: off-hand wielding, slow wielding, warmup strikes, no jewellery
a: Renounce Religion, Wall Jump, Serpent's Lash, Heavenly Storm


You were on level 4 of the Lair of Beasts.
You worshipped Wu Jian.
Wu Jian was exalted by your worship.
You visited 2 branches of the dungeon, and saw 16 of its levels.
You also visited: Bailey.

You collected 1266 gold pieces.
You spent 700 gold pieces at shops.

Inventory:

Hand Weapons
 o - a +2 long sword of holy wrath (offhand) {Natsumi}
 D - a +3 scimitar of flaming (weapon) {Qiang}
Armour
 i - a +3 troll leather armour (worn)
 m - a +1 pair of gloves (worn)
 t - a scarf of resistance (worn)
 y - a +2 hat (worn)
 A - +0 acid dragon scales
Gizmo
 H - a tuning module (installed) {AutoDazzle, rPois rCorr Slay+3}
   (You invented it yourself on level 2 of the Lair of Beasts)

   [tuning module]

   AutoDazzle: It sometimes fires a blinding ray at enemies whose attacks you
   dodge.
   Slay+3:    It affects your accuracy & damage with ranged weapons and melee
   (+3).
   rPois:     It protects you from poison.
   rCorr:     It protects you from acid and corrosion.
Wands
 c - a wand of flame (1) (quivered)
 d - a wand of charming (15)
 q - a wand of quicksilver (4)
 C - a wand of polymorph (5)
Scrolls
 b - 2 scrolls of amnesia
 g - 4 scrolls of poison
 k - 3 scrolls of fog
 l - 4 scrolls of identify
 r - 6 scrolls of teleportation
 s - a scroll of immolation
 w - 4 scrolls of blinking
 E - 3 scrolls of revelation
Potions
 a - 2 potions of might
 f - a potion of heal wounds
 h - a potion of resistance
 j - 5 potions of brilliance
 n - 2 potions of magic
 p - 3 potions of enlightenment
 u - 4 potions of attraction
 v - 3 potions of invisibility
 x - 4 potions of mutation
 z - 2 potions of lignification
 B - 4 potions of curing
 F - a potion of cancellation
Miscellaneous
 e - a box of beasts
 G - a phial of floods


   Skills:
 - Level 10.0 Fighting
 - Level 7.7(10.8) Short Blades
 + Level 12.9(13.9) Long Blades
 + Level 9.9 Armour
 + Level 9.7 Dodging
 + Level 7.3 Stealth
 - Level 10.0 Evocations


You had 13 spell levels left.
You didn't know any spells.
Your spell library contained the following spells:

 Spells                   Type           Power      Damage    Failure   Level
 Foxfire                  Conj/Fire      0%         2x1d4     38%         1
 Sting                    Conj/Alch      0%         1d3       38%         1
 Summon Small Mammal      Summ           0%         N/A       38%         1
 Cigotuvi's Dreadful Rot  Necr/Alch/Air  0%         N/A       54%         2
 Ensorcelled Hibernation  Hex/Ice        0%         N/A       54%         2
 Mercury Vapours          Alch/Air       0%         N/A       54%         2
 Call Canine Familiar     Summ           0%         N/A       77%         3
 Inner Flame              Hex/Fire       0%         N/A       77%         3
 Passwall                 Erth           0%         N/A       77%         3
 Swiftness                Air            0%         N/A       77%         3
 Volatile Blastmotes      Fire/Tloc      0%         2d10      77%         3
 Flame Wave               Conj/Fire      0%         2d4       99%         4
 Fulminant Prism          Conj/Alch      0%         3d5       99%         4
 Ignite Poison            Fire/Alch      0%         N/A       99%         4
 Iskenderun's Mystic Bla  Conj/Tloc      0%         2d3       99%         4
 Olgreb's Toxic Radiance  Alch           0%         N/A       99%         4
 Sticky Flame             Fire/Alch      0%         2d4       99%         4
 Summon Blazeheart Golem  Fire/Summ      0%         N/A       99%         4
 Alistair's Intoxication  Alch           0%         N/A       100%        5
 Borgnjor's Vile Clutch   Necr/Erth      0%         N/A       100%        5
 Freezing Cloud           Conj/Ice/Air   0%         6-21      100%        5
 Iskenderun's Battlesphe  Conj           0%         2d6       100%        5
 Summon Forest            Summ/Tloc      0%         N/A       100%        5
 Bombard                  Conj/Erth      0%         9d1       100%        6
 Conjure Ball Lightning   Conj/Air       0%         3x3d6     100%        6
 Eringya's Noxious Bog    Alch           0%         4d6       100%        6
 Plasma Beam              Fire/Air       0%         2x1d10    100%        6
 Starburst                Conj/Fire      0%         6d3       100%        6
 Spellforged Servitor     Conj/Summ      0%         N/A       100%        7
 Summon Hydra             Summ           0%         N/A       100%        7
 Chain Lightning          Conj/Air       0%         N/A       100%        9


Dungeon Overview and Level Annotations

Branches:
Dungeon (12/15)            Temple (0/1) D:6            Lair (4/5) D:10
  Swamp (0/4) Lair:3       Spider (0/4) Lair:3        Slime (0/5) Lair:4
    Orc (0/2) D:9          Bailey (visited)

Altars:
Cheibriados
Fedhas
Hepliaklqana
Kikubaaqudgha
Makhleb
Nemelex Xobeh
Qazlal
Sif Muna
Uskayaw
Vehumet
Wu Jian
Xom
Yredelemnul
Zin
The Shining One
Beogh
Jiyva

Shops:
D:4 =   D:6 [   D:10 ?

Annotations:
D:5 4 runed translucent doors


Innate Abilities, Weirdness & Mutations

You can wield a second weapon in your off-hand.
It takes a long time for you to wield or remove held weapons.
Your first few attacks do less damage.
You cannot equip rings or amulets.


Message History

You hit the death yak with your +3 scimitar of flaming.
You burn the death yak.
The death yak is lightly wounded.
You hit the death yak but do no damage.
You spin and attack the death yak.
You hit the death yak with your +3 scimitar of flaming.
You burn the death yak.
The death yak is moderately wounded.
You slash the death yak with your +2 long sword of holy wrath!
The death yak gores you! The death yak closely misses you.
You spin and attack the death yak.
You hit the death yak with your +3 scimitar of flaming.
You burn the death yak.
The death yak is moderately wounded.
You slash the death yak with your +2 long sword of holy wrath!
The death yak gores you!!
* * * LOW HITPOINT WARNING * * *
Aiming: Wall Jump
Press: ? - help, Dir - move target You repeatedly attack the death yak from above.
You barely miss the death yak with your +3 scimitar of flaming.
The death yak is moderately wounded.
You slash the death yak with your +2 long sword of holy wrath!
You hit the death yak with your +3 scimitar of flaming.
You burn the death yak.
The death yak is heavily wounded.
You slash the death yak with your +2 long sword of holy wrath!
You hit the death yak but do no damage.
The death yak is severely wounded.
You hit the death yak with your +2 long sword of holy wrath.
You repeatedly attack the death yak from above.
You slash the death yak with your +3 scimitar of flaming!
You burn the death yak.
The death yak is severely wounded.
You slash the death yak with your +2 long sword of holy wrath! x2
The death yak is almost dead.
You barely miss the death yak with your +3 scimitar of flaming.
The death yak gores you.
* * * LOW HITPOINT WARNING * * *
The death yak gores you!!
You die...

.......### ........#
≈♣♣≈...P.# #######
.~≈≈.....#######^P..P#####
...≈≈≈.....†..............
....♣................##..
....♣~P.............####P
.....~.○°○###........###.
$....≈.○@Y.####..........
/.....~.○○Y.# #..........
.....≈♣......# #.[....##..
....♣♣P......#.#..†..#.##+
...≈≈........##.......##..
~~♣....#.######......###.
♣≈.....##.#.#...........
P.≈P.......................
...........................


You could see 2 death yaks.

Vanquished Creatures
  Rupert (D:12)
  An ettin (D:11)
  A fire dragon (D:11)
  A hydra (Lair:3)
  2 catoblepae
  3 two-headed ogres
  Erica (D:10)
  A death yak (Lair:4)
  Urug (Lair:3)
  Sonja (Lair:4)
  Nergalle (D:11)
  2 spriggan druids (Lair:3)
  An orc knight (Bailey)
  A deep elf pyromancer (D:10)
  An ugly thing (D:11)
  A manticore (D:11)
  2 black mambas
  7 cane toads
  2 unseen horrors
  5 rime drakes
  8 komodo dragons
  4 trolls
  A polar bear (Lair:1)
  A hornet (Lair:3)
  37 blink frogs
  Sigmund (D:5)
  2 water elementals (D:11)
  Eustachio (D:5)
  5 wraiths
  2 wyverns
  3 fire bats (Lair:1)
  A shadow (D:11)
  39 yaks
  3 steam dragons
  3 basilisks
  Grum (D:8)
  5 vampire mosquitoes
  8 water moccasins
  4 acid dragons
  A sky beast (D:7)
  5 black bears
  2 ice beasts
  17 orc warriors
  2 ogres (D:5)
  13 centaurs
  17 wolves
  A kobold brigand (D:10)
  15 bullfrogs
  2 gnoll sergeants
  2 scorpions (D:5)
  8 wights
  12 killer bees
  4 howler monkeys
  10 electric eels
  4 hounds
  4 jellies (D:6)
  2 bombardier beetles (D:5)
  10 orc priests
  3 sleepcaps
  2 iguanas
  5 orc wizards
  11 gnolls
  9 adders
  2 shadow imps
  2 white imps
  A dart slug (D:4)
  A ribbon worm (D:4)
  46 orcs
  7 bats
  6 endoplasms
  A giant cockroach (D:3)
  21 goblins
  15 hobgoblins
  2 quokkas
  4 ball pythons
  2 frilled lizards
  9 kobolds
  7 rats
452 creatures vanquished.

Vanquished Creatures (collateral kills)
  Gastronok (Lair:1)
  A skeletal warrior (D:9)
  A deep troll (D:11)
  3 orc warriors
  A centaur (D:9)
  A goblin (Bailey)
8 creatures vanquished.

Vanquished Creatures (others)
  An orc warlord (Bailey)
  An orc warrior (D:9)
  A kobold (D:10)
3 creatures vanquished.

Grand Total: 463 creatures vanquished

Notes
Turn   | Place    | Note
-------+----------+-------------------------------------------
     0 | D:1      | Angani the Coglin Artificer began the quest for the Orb.
     0 | D:1      | Reached XP level 1. HP: 15/15 MP: 1/1
   152 | D:1      | Reached XP level 2. HP: 21/21 MP: 2/2
   208 | D:1      | Reached XP level 3. HP: 21/27 MP: 3/3
   717 | D:2      | Reached skill level 5 in Evocations
   791 | D:2      | Reached skill level 1 in Short Blades
   811 | D:2      | Reached XP level 4. HP: 34/34 MP: 4/4
  1689 | D:3      | Found a faded altar of an unknown god.
  1694 | D:3      | Found a blossoming altar of Fedhas.
  2187 | D:4      | Noticed an orc warrior
  2190 | D:4      | Reached XP level 5. HP: 41/41 MP: 5/5
  2194 | D:4      | Killed an orc warrior
  2204 | D:3      | Reached XP level 6. HP: 13/48 MP: 6/6
  2884 | D:4      | Found Sebipp's Jewellery Shop.
  2974 | D:4      | Found a burning altar of Makhleb.
  3051 | D:5      | Entered Level 5 of the Dungeon
  3105 | D:5      | Noticed a black bear
  3116 | D:5      | Killed a black bear
  3117 | D:5      | Reached XP level 7. HP: 37/55 MP: 7/7
  3220 | D:5      | Noticed Sigmund
  3232 | D:5      | Killed Sigmund
  3398 | D:5      | Reached skill level 5 in Fighting
  3526 | D:5      | Reached XP level 8. HP: 62/62 MP: 8/8
  3761 | D:5      | Noticed Eustachio
  3776 | D:5      | Killed Eustachio
  4123 | D:5      | Found an ornate altar of the Wu Jian Council.
  4192 | D:5      | Became a worshipper of the Wu Jian Council
  4234 | D:5      | Found a large runed translucent door.
  4234 | D:5      | Found a large runed translucent door.
  4327 | D:5      | Found a radiant altar of Vehumet.
  4327 | D:5      | Found a snail-covered altar of Cheibriados.
  4442 | D:5      | Found a large runed translucent door.
  4442 | D:5      | Found a large runed translucent door.
  4458 | D:5      | Reached skill level 5 in Short Blades
  4460 | D:5      | HP: 2/64 [ogre/+0 giant club (22)]
  4676 | D:5      | Noticed a troll
  4687 | D:5      | Killed a troll
  4688 | D:5      | Reached XP level 9. HP: 63/71 MP: 9/9
  4834 | D:5      | Reached skill level 10 in Evocations
  4873 | D:5      | Identified the +7 great mace "Hell-Harrower" {protect,
                  | rPois}
  5269 | D:5      | Reached * piety under Wu Jian
  5270 | D:5      | Reached skill level 1 in Dodging
  5639 | D:6      | Found a staircase to the Ecumenical Temple.
  5791 | D:6      | Found Fietroa's Antique Armour Emporium.
  5812 | D:6      | Bought a runed hat for 126 gold pieces
  5812 | D:6      | Bought an embroidered hat for 126 gold pieces
  5867 | D:6      | Got the Atlas of the Salamander and Assaults
  6162 | D:7      | Found a stormy altar of Qazlal.
  6173 | D:7      | Found an ancient bone altar of Kikubaaqudgha.
  6226 | D:7      | Found a shimmering blue altar of Sif Muna.
  6227 | D:7      | Found a flagged portal.
  6242 | Bailey   | Entered a bailey
  6279 | Bailey   | Reached XP level 10. HP: 70/80 MP: 10/10
  6314 | Bailey   | Reached ** piety under Wu Jian
  6578 | Bailey   | Noticed an orc knight
  6578 | Bailey   | Noticed an orc warlord
  6586 | Bailey   | Killed an orc warlord
  6612 | Bailey   | Killed an orc knight
  6641 | Bailey   | Reached skill level 9 in Long Blades
  6641 | Bailey   | Reached XP level 11. HP: 87/87 MP: 11/11
  7116 | D:7      | Reached skill level 5 in Armour
  7368 | D:8      | Reached *** piety under Wu Jian
  7398 | D:8      | Noticed Grum
  7407 | D:8      | Killed Grum
  7924 | D:9      | Found a hazy altar of Hepliaklqana.
  7956 | D:9      | Reached skill level 5 in Dodging
  8217 | D:9      | Found a glowing silver altar of Zin.
  8252 | D:9      | Found a hide-covered altar of Uskayaw.
  8294 | D:9      | Reached XP level 12. HP: 93/95 MP: 12/12
  8364 | D:9      | Found a roughly hewn altar of Beogh.
  8364 | D:9      | Found a staircase to the Orcish Mines.
  8591 | D:9      | HP: 2/95 [skeletal warrior/+0 dire flail (16)]
  8629 | D:9      | Reached **** piety under Wu Jian
  9035 | D:10     | Entered Level 10 of the Dungeon
  9035 | D:10     | Noticed Erica
  9035 | D:10     | Noticed a two-headed ogre
  9035 | D:10     | Found a sparkling altar of Nemelex Xobeh.
  9286 | D:10     | Reached skill level 10 in Long Blades
  9402 | D:10     | Killed Erica
  9543 | D:10     | Found Gim Uquatag's Magic Scroll Shoppe.
  9548 | D:10     | Bought a scroll of identify for 32 gold pieces
  9548 | D:10     | Bought a scroll of blinking for 120 gold pieces
  9548 | D:10     | Bought a scroll of teleportation for 48 gold pieces
  9548 | D:10     | Bought a scroll of identify for 32 gold pieces
  9548 | D:10     | Bought a scroll of identify for 32 gold pieces
  9548 | D:10     | Bought a scroll of revelation for 120 gold pieces
  9548 | D:10     | Bought a scroll of poison for 64 gold pieces
  9627 | D:10     | Found a staircase to the Lair.
  9681 | D:10     | Killed a two-headed ogre
  9790 | D:10     | Found a basalt altar of Yredelemnul.
  9913 | D:10     | Reached skill level 10 in Fighting
  9926 | D:10     | Found a shimmering altar of Xom.
  9948 | D:10     | Found a glowing golden altar of the Shining One.
 10065 | D:11     | Reached skill level 1 in Stealth
 10202 | D:11     | Noticed Nergalle
 10268 | D:11     | Killed Nergalle
 10268 | D:11     | Reached ***** piety under Wu Jian
 10433 | D:11     | Noticed a two-headed ogre
 10465 | D:11     | Noticed a fire dragon
 10479 | D:11     | Noticed an ettin
 10492 | D:11     | Killed an ettin
 10499 | D:11     | Killed a fire dragon
 10510 | D:11     | Reached XP level 13. HP: 96/103 MP: 13/13
 10659 | D:11     | Reached skill level 11 in Long Blades
 11453 | D:12     | Noticed Rupert
 11466 | D:12     | Killed Rupert
 12083 | Lair:1   | Entered Level 1 of the Lair of Beasts
 12239 | Lair:1   | Noticed Gastronok
 12248 | Lair:1   | Killed Gastronok
 12462 | Lair:1   | Reached skill level 5 in Stealth
 13209 | Lair:2   | Reached skill level 12 in Long Blades
 13228 | Lair:2   | Reached XP level 14. HP: 66/110 MP: 14/14
 13239 | Lair:2   | Acquired a tuning module {AutoDazzle, rPois rCorr Slay+3}
 13347 | Lair:2   | Reached ****** piety under Wu Jian
 14006 | Lair:3   | Noticed Urug
 14024 | Lair:3   | Killed Urug
 14113 | Lair:3   | Found a hole to the Spider Nest.
 14214 | Lair:3   | Found a staircase to the Swamp.
 14507 | Lair:3   | HP: 1/110 [cane toad (17)]
 15056 | Lair:4   | Noticed Sonja
 15074 | Lair:4   | Killed Sonja
 15340 | Lair:4   | Found a viscous altar of Jiyva.
 15340 | Lair:4   | Found a staircase to the Slime Pits.
 15428 | Lair:4   | Slain by a death yak

Illustrated notes

Levels and vault maps discovered:
D:1:      dpeg_arrival_castle, layout_rooms
D:2:      layout_loops_ring, corexii_leaking_fountain, serial_bayou_lagoon_b
D:3:      minmay_spotlight, layout_loops_ring, nicolae_overflow_ecumenical_swirl
D:4:      layout_cave_pools, mainiacjoe_overflow_concentric_impassable,
          serial_shops, shop, minmay_misc_feat_five
D:5:      layout_basic, fiery_altar_vehumet,
          nicolae_wu_jian_immortal_techniques, amcnicky_altar_gilded,
          serial_rivers, chequers_serial_rivers_micro_e,
          chequers_serial_rivers_micro_c, chequers_serial_rivers_room_b,
          chequers_serial_rivers_micro_e, chequers_serial_rivers_marsh,
          minmay_hollow_rounded_squares, uniq_eustachio, uniq_sigmund
D:6:      layout_basic, minmay_temple_entry_ruins, serial_shops, shop_statue
D:7:      layout_loops_ring, mainiacjoe_overflow_catwalk, lemuel_doored_altar,
          nicolae_qazlal_style_of_elements, enter_bailey_2
D:8:      layout_loops_ring, uniq_grum
D:9:      layout_irregular_city, overflow_temple_1_default, zin_statuary,
          marbit_many_paths, david_orc_5, minmay_joined_circles
D:10:     layout_rooms, yredelemnul_altar_generic,
          nemelex_xobeh_ov_fountains_minmay, mainiacjoe_overflow_swirl,
          erik_lair_island, serial_shops, nicolae_shop_hallway_plus,
          kennysheep_crisscross, uniq_erica
D:11:     minmay_glassy_protrusions, layout_basic,
          nicolae_twisty_statue_hallways, uniq_nergalle
D:12:     layout_cave_pods, uniq_rupert
Lair:1:   layout_cave_pods, chequers_serial_rivers_small_b, wad_woods_road_06,
          amcnicky_mini_pool_medium, infiniplex_staircase_pool_2, uniq_gastronok
Lair:2:   layout_loops_ring, grunt_megastairs_3
Lair:3:   layout_cave_pods, mainiacjoe_swamp_entry_angry_trees,
          dummy_spider_entry, serial_bayou_shore_b, grunt_megastairs_4,
          uniq_urug
Lair:4:   layout_regular_city, slime_entry_1, nicolae_lair_grazing_beasts
          [nicolae_sub_lair_graze_edge, nicolae_sub_lair_graze_edge,
          nicolae_sub_lair_graze_edge, nicolae_sub_lair_graze_edge],
          lemuel_fruit_tree, grunt_megastairs_1, uniq_sonja

Skill      XL: |  1  2  3  4  5  6  7  8  9 10 11 12 13 14 |
---------------+-------------------------------------------+-----
Fighting       | 2 3 4 5 6 7 8 9 10 | 10.0
Evocations     | 5 6 7 9 10 | 10.0
Short Blades   | 1 2 3 4 5 6 7 |  7.7
Dodging        | 3 4 5 7 8 9 |  9.7
Armour         | 3 4 5 7 8 9 |  9.9
Long Blades    | 9 10 12 | 12.9
Stealth        | 2 5 7 |  7.3

Action                     |  1- 3 |  4- 6 |  7- 9 | 10-12 | 13-15 || total
---------------------------+-------+-------+-------+-------+-------++-------
  Melee: Dagger            |    64 |   111 |   247 |   114 |       ||   536
         Club              |    19 |       |       |       |       ||    19
         Rapier            |    47 |   108 |   248 |   115 |       ||   518
         Long sword        |       |       |       |   286 |   436 ||   722
         Falchion          |       |       |       |   206 |       ||   206
         Scimitar          |       |       |       |    77 |   463 ||   540
Ability: Lunge             |       |       |    17 |    34 |    41 ||    92
         Whirlwind         |       |       |     9 |   104 |    59 ||   172
         Wall Jump         |       |       |       |     8 |    15 ||    23
         Invent Gizmo      |       |       |       |       |     1 ||     1
  Evoke: Wand              |       |     5 |     5 |    30 |     8 ||    48
         Box of beasts     |       |       |       |     2 |     1 ||     3
         Phial of floods   |       |       |       |       |     1 ||     1
    Use: Scroll            |       |     3 |    15 |    11 |     9 ||    38
         Potion            |       |     1 |       |     5 |     4 ||    10
   Stab: Sleeping          |     2 |     1 |     3 |     1 |    13 ||    20
         Confused          |       |       |     4 |     2 |       ||     6
         Distracted        |       |       |       |     2 |     2 ||     4
         Held in net/web   |       |       |       |     1 |       ||     1
         Invisible         |       |       |       |       |     2 ||     2
 Armour: Leather armour    |    34 |    61 |    76 |       |       ||   171
         Troll leather arm |       |       |    68 |   226 |   293 ||   587
  Dodge: Dodged            |    37 |    63 |    99 |   250 |   314 ||   763

Table legend: (Time is in decaauts)
 A = Elapsed time spent in this place.
 B = Non-inter-level travel time spent in this place.
 C = Inter-level travel time spent in this place.
 D = Time resting spent in this place.
 E = Time spent auto-exploring this place.
 F = Levels seen in this place.
 G = Mean time per level.
                   A        B        C        D        E       F      G
               +--------+--------+--------+--------+--------+-----+--------+
         Total |  15358 |  14546 |    812 |   2067 |   9365 |  17 |  903.4 |
       Dungeon |  11637 |  10897 |    740 |   1596 |   7109 |  12 |  969.8 |
          Lair |   3314 |   3243 |     71 |    362 |   2256 |   4 |  828.5 |
        Bailey |    406 |    406 |      0 |    109 |      0 |   1 |  406.0 |
               +--------+--------+--------+--------+--------+-----+--------+

Top non-repeatable levels by time:
     D:5: 2345 daAuts
     D:9: 1406 daAuts
    D:11: 1131 daAuts
  Lair:3: 1119 daAuts
  Lair:1: 1058 daAuts
     D:3: 916 daAuts
    D:12: 890 daAuts
     D:2: 844 daAuts
     D:6: 809 daAuts
     D:4: 739 daAuts
  Lair:2: 705 daAuts
    D:10: 688 daAuts
     D:7: 627 daAuts
     D:1: 625 daAuts
     D:8: 613 daAuts
